[Event "*** Titled Tuesday Blitz"]
[Site "Chess.com"]
[Date "2018.08.07"]
[Round "3"]
[White "juniortay"]
[Black "dretch"]
[Result "0-1"]
[WhiteElo "2409"]
[BlackElo "2756"]
[TimeControl "180+2"]
[EndTime "13:34:39 PDT"]
[Termination "dretch won by resignation"]

1. e4 e6 2. Nc3 d5 3. Nf3 Nf6 4. e5 Nfd7 5. d4 c5 6. Bg5 Qa5 7. Bb5 Nc6 8. O-O a6 9. Bxc6 bxc6 10. Bd2 Qc7 11. Bf4 Rb8 12. Rb1 cxd4 13. Qxd4 c5 14. Qd2 Bb7 15. Rfe1 h6 16. Bg3 Be7 17. Ne2 d4 18. c3 Bxf3 19. gxf3 Qb7 20. cxd4 Qxf3 21. d5 Bg5 22. Qd1 Rd8 23. d6 Rb8 24. Nc3 Qxd1 25. Rexd1 f5 26. exf6 Bxf6 27. Ne4 Kf7 28. Rbc1 Bxb2 29.
Rc2 Bd4 30. Kg2 Rhc8 31. Rd3 Rb2 32. Rxb2 Bxb2 33. Rb3 Bd4 34. Rb7 Ke8 35. Bh4 c4 36.
Rc7 Rxc7 37. dxc7 Nb6 38. Nd6+ Kd7 39. Ne4 Kxc7 40. Bg3+ Kc6 41. f4 c3 42. Be1 c2 43.
Bd2 Nc4 44. Bc1 Be3 0-1

[Event "*** Titled Tuesday Blitz"]
[Site "Chess.com"]
[Date "2018.08.07"]
[Round "3"]
[White "nailbeshirli"]
[Black "LastHeroJr"]
[Result "0-1"]
[WhiteElo "2511"]
[BlackElo "2508"]
[TimeControl "180+2"]
[EndTime "13:34:40 PDT"]
[Termination "LastHeroJr won by resignation"]

1. e4 e5 2. Nf3 Nc6 3. Bb5 a6 4.
Ba4 Nf6 5. O-O Be7 6. Re1 b5 7. Bb3 d6 8. a4 b4 9. d4 Bg4 10. dxe5 Nxe5 11. Nbd2 O-O 12. h3 Bh5 13. g4 Bg6 14.
Nh2 h6 15. f4 Ned7 16. f5 Bh7 17. Ndf3 Nc5 18. g5 hxg5 19. Nxg5 Nxb3 20. cxb3 Nd7 21.
Nxh7 Kxh7 22. Qh5+ Kg8 23. Bf4 Bf6 24. Ng4 Bxb2 25. Ra2 Bd4+ 26. Kh1 Nf6 27. Nh6+ Kh7 28. Qh4 Nxe4 29. Qxd8 Nf2+ 30. Rxf2 Raxd8 31. Ng4 Bxf2 32. Nxf2 Rfe8 33. Rc1 Re2 34. Kg2 c5 35. Kf3 Rb2 36. Ne4 Rxb3+ 37. Kg4 Rd3 38. f6 gxf6 39. Kf5 Rxh3 40. Nxf6+ Kh8 41. Kg4 Kg7 42. Ne4 f5+ 43. Kxf5 Rf8+ 44. Kg4 Rh4+ 0-1

[Event "*** Titled Tuesday Blitz"]
[Site "Chess.com"]
[Date "2018.08.07"]
[Round "3"]
[White "Angry_Twin"]
[Black "NemtsevIgor"]
[Result "1-0"]
[WhiteElo "2629"]
[BlackElo "2389"]
[TimeControl "180+2"]
[EndTime "13:34:43 PDT"]
[Termination "Angry_Twin won by resignation"]

1. e4 c6 2. d4 d5 3. Nc3 h6 4. e5 Bf5 5. Nf3 e6 6. Bd3 Bxd3 7. Qxd3 c5 8. O-O Nc6 9. dxc5 Bxc5 10. a3 Nge7 11. b4 Bb6 12. Nb5 O-O 13. c4 dxc4 14.
Qxc4 Rc8 15. Qe4 Nf5 16. Bf4 a6 17. Nd6 Nxd6 18. exd6 e5 19. Bxe5 Nxe5 20. Qxe5 Re8 21. Qd5 Rc6 22. Ne5 Rxd6 23. Qxf7+ Kh8 24. Qf5 Rf6 25. Nf7+ Kg8 26. Nxd8 Rxf5 27. Nxb7 Re2 28. Kh1 Rfxf2 29. Rxf2 Rxf2 30. Nd6 Bd4 31. Rd1 Bb2 32. Nc4 Rc2 33. Nxb2 Rxb2 34. Kg1 Ra2 35. Rd3 Kf7 36. Rg3 g5 37. Re3 Kf6 38. g4 Rb2 39. h3 Ra2 40.
Kf1 Rb2 41. Ke1 Ra2 42. Kd1 Rh2 43. Kc1 Rg2 44. Kb1 Rh2 45. a4 Rd2 46. b5 axb5 47.
axb5 Rd5 48. Rb3 Rd7 49. b6 Rb7 50. Kc2 Ke5 51. Kd3 Kd5 52. Ke3 Ke5 53. Rb5+ Kd6 54.
Ke4 Kc6 55. Rb1 Re7+ 56. Kf5 Kb7 57. Rb3 Rd7 58. Re3 Rd6 59. Re6 Rd3 60. Rxh6 Rd5+ 61.
Ke6 Rb5 62. Kf7 Rb3 63. Kg7 Rc3 64. Kg6 Rc5 65. Kh5 Rb5 66. Rg6 Rb3 67. Kxg5 Rxh3 68.
Rf6 Rg3 69. Kh5 Rh3+ 70. Kg6 Rh1 71. g5 Rg1 72. Kh6 Rh1+ 73. Kg7 Rg1 74. g6 Rg2 75. Kh7 Rh2+ 76. Kg8 Rg2 77. g7 Rg3 78. Kf7 1-0

[Event "*** Titled Tuesday Blitz"]
[Site "Chess.com"]
[Date "2018.08.07"]
[Round "3"]
[White "Marcan2b"]
[Black "Alohamora11"]
[Result "0-1"]
[WhiteElo "2296"]
[BlackElo "2210"]
[TimeControl "180+2"]
[EndTime "13:34:47 PDT"]
[Termination "Alohamora11 won by resignation"]

1. e4 c5 2. Nc3 g6 3. d4 cxd4 4. Qxd4 Nf6 5. Nf3 Nc6 6. Qa4 d6 7. e5 Ng4 8. exd6 Bg7 9. h3 Ne5 10. Nxe5 Bxe5 11. dxe7 Qxe7 12. Be2 O-O 13. Be3 Be6 14.
O-O a6 15. Rfe1 b5 16. Qe4 Rac8 17. Bf3 Bf5 18. Qd5 Nb4 19. Qd2 Rfd8 20. Qc1 Nxc2 21. Bf4 Nxe1 22. Qxe1 Re8 23. Nd5 Qd6 24. Bxe5 Rxe5 25.
Qd2 Rc2 26. Qg5 Rxd5 27. Bxd5 Qxd5 28. Re1 Qd4 29. Qg3 Rxb2 30. Rc1 Rb1 31. Rxb1 Bxb1 32. Qb8+ Kg7 33. Qb7 Qd1+ 34. Kh2 Qd6+ 35. Kg1 Bxa2 36. Qe4 Qf6 37. h4 a5 38. g3 b4 39. h5 b3 40.
h6+ Kxh6 41. Qe3+ Kg7 0-1

[Event "*** Titled Tuesday Blitz"]
[Site "Chess.com"]
[Date "2018.08.07"]
[Round "3"]
[White "Morshynska"]
[Black "epccmelech"]
[Result "1-0"]
[WhiteElo "2133"]
[BlackElo "1917"]
[TimeControl "180+2"]
[EndTime "13:34:48 PDT"]
[Termination "Morshynska won on time"]

1. d4 e6 2. c4 f5 3. g3 Nf6 4. Bg2 Bb4+ 5. Bd2 Qe7 6. Nc3 O-O 7. Nf3 Bxc3 8. Bxc3 Ne4 9. Qc2 c6 10. O-O d5 11. a3 Nxc3 12. Qxc3 Bd7 13. Ne5 Be8 14. f3 Nd7 15. Nd3 Bg6 16. Nf4 Bf7 17. e4 dxc4 18.
Rae1 g5 19. Ne2 fxe4 20. fxe4 Nb6 21. g4 Bg6 22. Ng3 Rf4 23. Rxf4 gxf4 24. Nf5 Qf6 25.
Nd6 Rf8 26. Rf1 Rd8 27. e5 Qe7 28. Rxf4 Rxd6 29. exd6 Qxd6 30. Qe3 Bd3 31. Qe5 Qxe5 32. dxe5 Nd5 33. Rf2 Kg7 34. Bf1 1-0

[Event "*** Titled Tuesday Blitz"]
[Site "Chess.com"]
[Date "2018.08.07"]
[Round "3"]
[White "Caisachess"]
[Black "dmosesov"]
[Result "1-0"]
[WhiteElo "2246"]
[BlackElo "2255"]
[TimeControl "180+2"]
[EndTime "13:34:56 PDT"]
[Termination "Caisachess won by resignation"]

1. e4 c5 2. c3 d5 3. exd5 Qxd5 4.
d4 g6 5. Nf3 Bg7 6. Be3 cxd4 7.
Bxd4 Nf6 8. Nbd2 O-O 9. Bc4 Qd8 10. O-O Nc6 11. Be3 Bf5 12. h3 Qc7 13. Re1 Rad8 14.
Qe2 Na5 15. Nd4 Nxc4 16. Qxc4 Qxc4 17. Nxc4 Bd3 18. Ne5 Ba6 19. Nb3 Nd5 20. Bxa7 Nf4 21. Nf3 e6 22. Bb6 Rd5 23. Nc5 Rc8 24. Nxa6 bxa6 25.
Bd4 Nd3 26. Re2 Rb5 27. Rb1 e5 28. Be3 Rxc3 29. b3 Rc8 30. Rd2 e4 31. Nd4 Rd5 32.
Ne2 Rdd8 33. Rbd1 f5 34. Nf4 Bc3 35. Rc2 Nxf4 36. Rxd8+ Rxd8 37. Bxf4 Bg7 38. Rc6 a5 39. Rc5 Ra8 40. a4 Rb8 41. Rb5 Rxb5 42. axb5 Bd4 43. Bc7 Kf7 44. b6 Ke6 45. b7 Ba7 46. b8=Q Bxb8 47. Bxb8 Kd5 48. Bc7 Kd4 49. Bxa5 f4 50.
Kf1 g5 51. Ke2 h5 52. Bd8 g4 53. hxg4 hxg4 54. Bc7 f3+ 55. gxf3 exf3+ 56. Kd2 Kc5 57. Kc3 Kc6 58. Bf4 Kb5 59. b4 Kb6 60. Kc4 Kc6 61. b5+ Kb6 62. Be3+ Kb7 63. Kc5 g3 64. fxg3 1-0

[Event "*** Titled Tuesday Blitz"]
[Site "Chess.com"]
[Date "2018.08.07"]
[Round "3"]
[White "Karina_Oparina"]
[Black "narutosmith"]
[Result "0-1"]
[WhiteElo "2148"]
[BlackElo "2101"]
[TimeControl "180+2"]
[EndTime "13:34:57 PDT"]
[Termination "narutosmith won by resignation"]

1. d4 Nf6 2. Nf3 c5 3. c4 cxd4 4. Nxd4 b6 5. Nc3 Bb7 6. f3 e6 7. e4 Nc6 8. Be3 Bc5 9. Be2 O-O 10. O-O Qe7 11. Qd2 Rfd8 12. Nxc6 dxc6 13. Qc1 e5 14. a3 Nh5 15. b4 Bxe3+ 16. Qxe3 Nf4 17. g3 Ne6 18. Rfd1 Nd4 19. Rac1 a5 20. Na2 axb4 21. Nxb4 Rxa3 22. Qxa3 Nxe2+ 23. Kf2 Nxc1 24. Rxd8+ Qxd8 25. Qxc1 Qd4+ 26. Kg2 b5 27. Qa3 bxc4 28. Na2 h5 29. Qb4 Ba6 30. Nc3 c5 31. Qa5 Qd2+ 32. Kg1 h4 33.
gxh4 Bb7 34. h5 f5 35. Qb6 Qxc3 36. Qxb7 Qxf3 37. Qc8+ Kh7 38. exf5 e4 39. Qe8 Qg4+ 40. Kf2 Qxf5+ 41. Ke3 Qf3+ 42. Kd2 Qd3+ 43. Ke1 e3 44.
Qf8 Qd2+ 45. Kf1 e2+ 0-1

[Event "*** Titled Tuesday Blitz"]
[Site "Chess.com"]
[Date "2018.08.07"]
[Round "3"]
[White "Alopekos"]
[Black "platy3"]
[Result "0-1"]
[WhiteElo "2476"]
[BlackElo "2723"]
[TimeControl "180+2"]
[EndTime "13:35:01 PDT"]
[Termination "platy3 won by resignation"]

1. e4 c5 2. Nf3 e6 3. d4 cxd4 4.
Nxd4 Nc6 5. Nc3 Qc7 6. Be3 a6 7. Be2 Nf6 8. O-O Be7 9. f4 d6 10.
Kh1 O-O 11. Qe1 Nxd4 12. Bxd4 b5 13. a3 Bb7 14. Qg3 Bc6 15. e5 dxe5 16. Bxe5 Qb7 17. f5 exf5 18. Rxf5 Ne8 19. Bd3 Rd8 20. Raf1 f6 21.
Rh5 Rxd3 22. cxd3 fxe5 23. Rxf8+ Bxf8 24. Rxe5 Nf6 25. Rf5 Qe7 26. h3 Qe6 27. Qe5 Qxe5 28. Rxe5 Kf7 29. d4 Bd6 30. Re1 a5 31. d5 Nxd5 32. Ne4 Be7 33. Rc1 Bd7 34. Nc5 Be8 35.
Nb3 a4 36. Nd4 Bf6 37. Nxb5 Bxb5 38. Rc5 Be8 39. Rxd5 Bxb2 40. Rd3 Bf6 41. Re3 Bd7 42.
g4 Bd4 43. Rd3 Bc6+ 44. Kh2 Be5+ 45. Kg1 Ke6 46. Kf2 Be4 47. Rd8 Bd6 48. Re8+ Kd5 49. Ra8 Bc2 50. Ra7 Bxa3 51. Rxg7 Bb2 52. Rc7 Bb1 53.
Kf3 a3 54. Kf4 Be5+ 0-1

[Event "*** Titled Tuesday Blitz"]
[Site "Chess.com"]
[Date "2018.08.07"]
[Round "3"]
[White "Quiet_Desperation"]
[Black "BillForster"]
[Result "1-0"]
[WhiteElo "1900"]
[BlackElo "1634"]
[TimeControl "180+2"]
[EndTime "13:35:02 PDT"]
[Termination "Quiet_Desperation won on time"]

1. e4 c5 2. d4 cxd4 3. c3 e5 4. Nf3 Nc6 5. Bc4 Be7 6. Qb3 Na5 7. Bxf7+ Kf8 8. Qa4 Kxf7 9. Nxe5+ Kf8 10. cxd4 Nf6 11. Nc3 d6 12. Nf3 Bd7 13. Qd1 h6 14. O-O Kg8 15. Qe2 Kh7 16. e5 dxe5 17. dxe5 Ne8 18. Rd1 Qc8 19. Nd5 Nc6 20. Be3 Rf8 21. Rac1 Bd8 22.
Nd4 Nc7 23. Qd3+ Kh8 24. Nxc7 Bxc7 25. Nb5 Nxe5 26. Qd2 Bxb5 27. Bd4 Bc6 28. Rc5 Qe6 29. Qe3 Rae8 30. Re1 Rf5 31. f4 Nf3+ 32. gxf3 Qxe3+ 33. Rxe3 Rxe3 34. Bxe3 Rxc5 35. Bxc5 Bxf3 36. Bxa7 Bxf4 37. Bd4 Bc6 38. b4 Bg5 39. Kf2 Kg8 40. Kg3 Kf7 41.
h4 Bd2 42. Bc5 Ke6 43. Bf8 Bc3 44. Kf4 Kf6 45. Ke3 Kf5 46. Kd3 Bf6 47. Kc4 Kg4 48. b5 Be4 49. a4 Kxh4 50. a5 Bf3 51.
Kc5 1-0

[Event "*** Titled Tuesday Blitz"]
[Site "Chess.com"]
[Date "2018.08.07"]
[Round "3"]
[White "BjarkeSahl"]
[Black "ChessicallyInclined"]
[Result "1-0"]
[WhiteElo "2216"]
[BlackElo "2351"]
[TimeControl "180+2"]
[EndTime "13:35:07 PDT"]
[Termination "BjarkeSahl won by resignation"]

1. e4 e5 2. d4 exd4 3. Nf3 Nc6 4. Bc4 Nf6 5. e5 d5 6. Bb5 Ne4 7. Nxd4 Bc5 8. Be3 O-O 9. Nxc6 bxc6 10. Bxc5 Nxc5 11.
Bxc6 Rb8 12. Qxd5 Qxd5 13. Bxd5 Rxb2 14. O-O Rd8 15. c4 Be6 16. Nc3 c6 17. Bxc6 Bxc4 18. Rfd1 Rxd1+ 19. Rxd1 g5 20. h4 h6 21. hxg5 hxg5 22.
Rd4 Bxa2 23. Rg4 Ne6 24. Ne4 Nd4 25. Rxg5+ Kf8 26. Nf6 Ke7 27. Rg8 Ke6 28. Re8+ Kf5 29. Be4+ Kg5 30. g3 Ne6 31. Rh8 Nf4 32. gxf4+ Kxf4 33.
Rh5 Be6 34. Kg2 a5 35. Bf3 a4 36. Nd5+ Bxd5 37. Bxd5 a3 38. Bxf7 a2 39. Bxa2 Rxa2 40.
e6 Ra7 41. Rd5 Re7 42. Rd6 Ke5 43. Rc6 Kd5 44. Rb6 Ke4 45. Kf1 Kf3 46. Rb3+ Kf4 47. Re3 Kf5 48. Ke2 Kf4 49. Kd3 Kf5 50. Kd4 Kf4 51.
Kd5 Ra7 52. e7 Ra5+ 53. Ke6 Ra6+ 54. Kf7 1-0

[Event "*** Titled Tuesday Blitz"]
[Site "Chess.com"]
[Date "2018.08.07"]
[Round "3"]
[White "MaestroASK"]
[Black "Litti"]
[Result "0-1"]
[WhiteElo "2429"]
[BlackElo "2476"]
[TimeControl "180+2"]
[EndTime "13:35:10 PDT"]
[Termination "Litti won on time"]

1. d4 Nf6 2. Bg5 c5 3. Bxf6 gxf6 4. c3 cxd4 5. cxd4 Qb6 6. Qd2 Nc6 7. e3 Bg7 8. Nc3 O-O 9. Bd3 d6 10. Nge2 f5 11. O-O e5 12. dxe5 dxe5 13. Ng3 e4 14. Be2 Be6 15. Nh5 Rfd8 16. Qc1 Be5 17. Rd1 Rac8 18.
Rxd8+ Rxd8 19. Nf4 Nb4 20. Nxe6 Qxe6 21. a3 Nd3 22. Bxd3 exd3 23. Qd2 Qb3 24. Rc1 b5 25. Nd1 a5 26. f4 Bf6 27. Rc5 b4 28. axb4 axb4 29.
g3 Ra8 30. Kg2 Ra1 31. Nf2 Ra2 32. Nxd3 Bxb2 33. Kh3 Bf6 34. Qxb4 Qxd3 35. Rc8+ Bd8 36. Qe7 Qf1+ 37. Kh4 Rxh2+ 38. Kg5 h6+ 39. Kxf5 Qb1+ 40. e4 Qb5+ 0-1

[Event "*** Titled Tuesday Blitz"]
[Site "Chess.com"]
[Date "2018.08.07"]
[Round "3"]
[White "CarlssonLudvig"]
[Black "tteshan"]
[Result "0-1"]
[WhiteElo "2201"]
[BlackElo "2034"]
[TimeControl "180+2"]
[EndTime "13:35:11 PDT"]
[Termination "tteshan won by checkmate"]

1. d4 d5 2. Bf4 Nf6 3. e3 e6 4. Nf3 Bd6 5. Bxd6 cxd6 6. c4 O-O 7. Nc3 dxc4 8. Bxc4 Nc6 9. O-O Bd7 10. Qe2 Rc8 11.
Rac1 a6 12. a3 Qe7 13. Rfd1 e5 14. dxe5 dxe5 15. Nd5 Nxd5 16. Bxd5 Rfd8 17. h3 h6 18. Rc2 Nb8 19. Bxb7 Bb5 20. Bxc8 Bxe2 21. Rxd8+ Qxd8 22. Rxe2 Qxc8 23. Nxe5 Qc1+ 24. Kh2 Qc7 25. f4 Nd7 26. Nf3 Nc5 27. g3 Ne4 28. Nd4 Qd6 29. Nf5 Qd1 30. Nd4 Qf1 31. Rg2 Kf8 32. Ne2 Qb1 33. Ng1 Qd3 34. Re2 Nf6 35. Kg2 Nd5 36. Kf2 Nf6 37.
Kg2 Qe4+ 38. Kh2 Nd5 39. h4 Nxe3 40. a4 Ng4+ 41. Kh3 Qh1+ 42. Kxg4 Qxg1 43. b3 Qd1 44. Kf3 Qxb3+ 45. Kg4 Qxa4 46. Re3 Qd1+ 47. Kh3 Qh1+ 48.
Kg4 a5 49. Ra3 a4 50. Kf5 Qb1+ 51. Kg4 Qb4 52. Ra1 a3 53. Kh3 Qc3 54. Ra2 Qb3 55. Ra1 a2 56. Rh1 Qc3 57. Rf1 a1=Q 58. Rxa1 Qxa1 59.
h5 Qd1 60. Kh4 Ke7 61. g4 Qd2 62. f5 Qh2# 0-1

[Event "*** Titled Tuesday Blitz"]
[Site "Chess.com"]
[Date "2018.08.07"]
[Round "3"]
[White "GMMelik"]
[Black "Aleksey_Sorokin"]
[Result "1/2-1/2"]
[WhiteElo "2608"]
[BlackElo "2725"]
[TimeControl "180+2"]
[EndTime "13:35:21 PDT"]
[Termination "Game drawn - insufficient material"]

1. d4 Nf6 2. Nc3 d5 3. Bg5 Nbd7 4. Qd2 h6 5. Bh4 e6 6. O-O-O c5 7. e3 cxd4 8. exd4 Bb4 9. a3 Bxc3 10. Qxc3 Ne4 11.
Bxd8 Nxc3 12. bxc3 Kxd8 13. c4 Nf6 14. cxd5 exd5 15.
Ne2 Bf5 16. f3 Rc8 17. Rd2 Re8 18. Ng3 Re1+ 19. Kb2 Bg6 20. Bd3 Rxh1 21. Nxh1 Bxd3 22. Rxd3 Kd7 23. Ng3 g6 24. Re3 Ne8 25. Re5 Kc6 26.
Nf1 Nd6 27. Ne3 Re8 28. Rxe8 Nxe8 29. Ng4 Nd6 30. Nxh6 f5 31. g4 f4 32. h4 Kd7 33. h5 gxh5 34. gxh5 Ke6 35. Ng4 Nc4+ 36. Kc3 Nxa3 37. h6 Kf7 38. Ne5+ Kg8 39. Ng6 Nb5+ 40. Kd3 Kh7 41. Nxf4 Nc7 42. c4 dxc4+ 43. Kxc4 Kxh6 44. d5 Ne8 45. Kc5 Kg5 46. Ne6+ Kf5 47. Nd8 b6+ 48. Kc6 a5 49. d6 a4 50. d7 Nf6 51.
Ne6 Nxd7 52. Kxd7 Ke5 53. f4+ Ke4 54. f5 Kxf5 55. Nd4+ Ke4 56. Nb5 Kd5 57. Nc3+ Kd4 58.
Nxa4 b5 59. Nb2 Kc3 60. Nd1+ Kc2 61. Ne3+ Kd3 62. Nd5 Kd4 63. Kc6 Kc4 64. Kd6 Kd3 65.
Kc5 b4 66. Nxb4+ 1/2-1/2

[Event "*** Titled Tuesday Blitz"]
[Site "Chess.com"]
[Date "2018.08.07"]
[Round "3"]
[White "Cryptochess"]
[Black "Supernotar"]
[Result "1/2-1/2"]
[WhiteElo "2501"]
[BlackElo "2464"]
[TimeControl "180+2"]
[EndTime "13:35:23 PDT"]
[Termination "Game drawn by repetition"]

1. e4 c6 2. d4 d5 3. Nc3 dxe4 4. Nxe4 Bf5 5. Ng3 Bg6 6. h4 h6 7. Nf3 Nd7 8. h5 Bh7 9. Bd3 Bxd3 10. Qxd3 e6 11.
Bd2 Ngf6 12. O-O-O Be7 13. Ne4 Nxe4 14. Qxe4 Nf6 15.
Qd3 Qd5 16. c4 Qe4 17. Qb3 O-O-O 18. Rhe1 Qf5 19. Re5 Qg4 20. Ra5 a6 21. Ne5 Qxg2 22.
Nxf7 Qxf2 23. Nxh8 Rxh8 24. Be3 Qf3 25. Re5 Ng4 26.
Rxe6 Nxe3 27. Rxe7 Qxd1+ 28. Qxd1 Nxd1 29. Kxd1 Rg8 30. Kc2 g6 31. hxg6 Rxg6 32. Kc3 a5 33. d5 cxd5 34. cxd5 h5 35. Rh7 Rg3+ 36. Kd4 Rg2 37. Kc5 Rxb2 38. Kd6 Kb8 39. Ke7 Rxa2 40. d6 Re2+ 41. Kd7 Ka7 42. Rxh5 Ka6 43. Rd5 a4 44.
Kc8 Rh2 45. d7 Rh8+ 46. d8=Q Rxd8+ 47. Kxd8 b5 48. Kc7 a3 49. Kc6 b4 50. Rd8 Ka7 51.
Rd7+ Ka6 52. Rd8 Ka7 53. Rd7+ Ka6 54. Rd8 1/2-1/2

[Event "*** Titled Tuesday Blitz"]
[Site "Chess.com"]
[Date "2018.08.07"]
[Round "3"]
[White "RitvarsReimanis"]
[Black "nonscitis"]
[Result "1/2-1/2"]
[WhiteElo "2434"]
[BlackElo "2446"]
[TimeControl "180+2"]
[EndTime "13:35:26 PDT"]
[Termination "Game drawn by repetition"]

1. d4 d5 2. c4 c6 3. Nf3 Nf6 4. e3 e6 5. b3 Bd6 6. Bb2 O-O 7. Nbd2 Nbd7 8. Bd3 Qc7 9. Rc1 e5 10. cxd5 Nxd5 11.
O-O exd4 12. Bxd4 h6 13. Nc4 Re8 14. Nxd6 Qxd6 15. Nd2 Ne5 16. Nc4 Nxc4 17. bxc4 Nf6 18.
c5 Qd8 19. Qf3 Be6 20. Rb1 Bd5 21. Qg3 Rb8 22. a4 Nh5 23. Qg4 Nf6 24. Qh4 Ne4 25. Qxd8 Rexd8 26. Bxe4 Bxe4 27. Rb4 Rd7 28. Be5 Re8 29.
Rxe4 Rde7 30. Rb4 Rxe5 31. Rxb7 a5 32. Rc1 Re4 33. Rb6 R8e6 34. Ra1 Rc4 35. Ra6 Rxc5 36.
g4 h5 37. h3 hxg4 38. hxg4 Rg5 39. f3 Rxe3 40. Kg2 Rc5 41. Ra2 g6 42. Rd2 Rcc3 43. Rf2 Rc5 44. Rd2 Kg7 45. Ra7 Rcc3 46. Rf2 Re5 47.
Rd2 Ree3 48. Rf2 Re5 49. Rd2 Ree3 50. Rf2 Rc5 51. Rd2 Rcc3 52. Rf2 Re5 53. Rd2 Ree3 1/2-1/2

[Event "*** Titled Tuesday Blitz"]
[Site "Chess.com"]
[Date "2018.08.07"]
[Round "3"]
[White "Oleksandr_Bortnyk"]
[Black "JonahWillow"]
[Result "0-1"]
[WhiteElo "2752"]
[BlackElo "2626"]
[TimeControl "180+2"]
[EndTime "13:35:31 PDT"]
[Termination "JonahWillow won by resignation"]

1. d4 Nf6 2. Nc3 c5 3. e3 g6 4.
Be2 Bg7 5. Nf3 O-O 6. dxc5 Qa5 7. O-O Qxc5 8. Rb1 d6 9. Bd2 Be6 10. b4 Qc8 11. Nd4 Bc4 12. Re1 d5 13. Na4 e5 14.
Bxc4 Qxc4 15. Nb2 Qc7 16. Nb5 Qb6 17. a4 a6 18. Na3 Rd8 19. c4 Nc6 20. c5 Qc7 21. Qb3 Ne4 22. Rbd1 a5 23. Nb5 Qe7 24. Nd3 axb4 25. Bxb4 Nxb4 26. Qxb4 Rdc8 27. Nd6 Nxd6 28. cxd6 Qd7 29. Rb1 Rd8 30. Qxb7 Qxd6 31. Qb5 e4 32. Nf4 Be5 33. g3 Rdb8 34. Qe2 Bxf4 35. exf4 Rxa4 36. Rxb8+ Qxb8 37. Rd1 Qb3 38. Rc1 Rc4 39. Ra1 Qc3 40. Rd1 Rd4 41. Rb1 Kg7 42. h4 Rd2 43. Qe1 Qd3 44.
h5 Re2 45. Qf1 Qf3 46. Re1 Rxe1 47. Qxe1 d4 48. hxg6 hxg6 49. Qa1 Qc3 50. Qa8 d3 51.
Qd5 d2 52. Kh2 e3 53. fxe3 Qxe3 54. Kh3 Qe6+ 0-1

[Event "*** Titled Tuesday Blitz"]
[Site "Chess.com"]
[Date "2018.08.07"]
[Round "3"]
[White "chenrip"]
[Black "nOcHeaTiNgKiD"]
[Result "0-1"]
[WhiteElo "2438"]
[BlackElo "2391"]
[TimeControl "180+2"]
[EndTime "13:35:36 PDT"]
[Termination "nOcHeaTiNgKiD won by resignation"]

1. e4 e5 2. Nf3 Nc6 3. d4 exd4 4. Nxd4 Nf6 5. Nxc6 bxc6 6. e5 Qe7 7. Qe2 Nd5 8.
c4 Nb6 9. Nc3 Ba6 10. b3 O-O-O 11. Bb2 Re8 12. f4 f6 13. Ne4 fxe5 14. fxe5 d5 15. Qg4+ Kb8 16. cxd5 Bxf1 17. Rxf1 cxd5 18. Nd2 Qb4 19. Qxb4 Bxb4 20. Rf7 Rhf8 21. Rxf8 Rxf8 22.
O-O-O Rf2 23. Nf3 Rxg2 24. Nd4 c5 25. Nc6+ Kc7 26. Nxb4 cxb4 27. Rf1 Kd7 28. Rf7+ Ke6 29. Rxa7 Rg1+ 30. Kc2 Rg2+ 31. Kb1 Rg1+ 32. Kc2 Rg2+ 33. Kb1 Rxh2 34. Ra6 Rh1+ 35. Kc2 Rh2+ 36. Kc1 Rh1+ 37. Kc2 Rh2+ 38. Kc1 Rh1+ 39. Kc2 Rh2+ 40. Kb1 Rh1+ 41.
Bc1 Kxe5 42. Rxb6 g5 43. Rxb4 h5 44. Rb8 g4 45. Rg8 Rg1 46. a4 h4 47. a5 h3 48.
a6 h2 49. Re8+ Kd4 50. Kb2 Rxc1 51. Kxc1 h1=Q+ 52. Kb2 Qh2+ 53. Ka3 Qd6+ 54. Kb2 Qxa6 55. Rg8 Qe2+ 56. Ka3 Qf3 57. Kb4 g3 58. Rh8 g2 0-1

[Event "*** Titled Tuesday Blitz"]
[Site "Chess.com"]
[Date "2018.08.07"]
[Round "3"]
[White "BillieKimbah"]
[Black "KamilPlichta"]
[Result "1-0"]
[WhiteElo "2825"]
[BlackElo "2605"]
[TimeControl "180+2"]
[EndTime "13:35:38 PDT"]
[Termination "BillieKimbah won by resignation"]

1. Nf3 g6 2. e4 Bg7 3. d4 c5 4.
c4 cxd4 5. Nxd4 Nc6 6. Be3 Nf6 7. Nc3 O-O 8. Be2 d6 9. O-O Nxd4 10. Bxd4 Bd7 11.
Qc2 Bc6 12. Rad1 Nd7 13. Bxg7 Kxg7 14. h3 a5 15. Bg4 Ne5 16. c5 Nxg4 17. hxg4 Rc8 18.
Rd2 Qd7 19. Qd1 Rfd8 20. cxd6 exd6 21. Rd4 Qe6 22. f3 Rd7 23. Qd2 Rcd8 24. Rd1 Qe5 25. Kf2 Qh2 26. Qg5 Qe5 27. Qe3 Qh2 28. Nd5 a4 29.
R4d2 Bxd5 30. Rxd5 Rc8 31. Qd4+ Kg8 32. Qxa4 Rdc7 33.
R5d2 h5 34. gxh5 Qxh5 35. Qd4 Qh4+ 36. Kg1 Rc6 37. Qf2 Qf6 38. Qg3 Kg7 39. b3 Ra8 40. a4 Qc3 41. Rd3 Qc2 42. Qf2 Qc5 43. Rd5 Qc3 44. Qd4+ Qxd4+ 45. R1xd4 Raa6 46. Rb5 Rc1+ 47.
Kf2 Rc2+ 48. Kg3 Rb2 49. Rc4 Rc6 50. Rxc6 bxc6 51. Rb6 c5 52. a5 Ra2 53. a6 Kf8 54. Rxd6 Ke7 55. Rc6 Kd7 56. Rxc5 Rxa6 57. Rb5 Ra3 58.
Kf4 Kc6 59. Rb8 Kc7 60. Rf8 1-0

[Event "*** Titled Tuesday Blitz"]
[Site "Chess.com"]
[Date "2018.08.07"]
[Round "3"]
[White "OparinGrigoriy"]
[Black "eljanov"]
[Result "0-1"]
[WhiteElo "2875"]
[BlackElo "2676"]
[TimeControl "180+2"]
[EndTime "13:35:41 PDT"]
[Termination "eljanov won on time"]

1. e4 e5 2. Nf3 Nc6 3. Bb5 Nf6 4. d3 Bc5 5. Bxc6 dxc6 6. Qe2 Bd6 7.
Nbd2 Be6 8. Ng5 Bg4 9. f3 Bc8 10. f4 Nd7 11. Nc4 h6 12. Nf3 exf4 13. Nxd6+ cxd6 14. Bxf4 Qe7 15. O-O-O Ne5 16. d4 Ng6 17. Bg3 Bg4 18.
h3 Bxf3 19. gxf3 O-O-O 20. Kb1 Rhe8 21. Qd3 Kb8 22. h4 Ka8 23. h5 Nf8 24. Bh4 f6 25.
Rhg1 Ne6 26. Qe3 Qf7 27. d5 cxd5 28. Rxd5 Ng5 29. Bf2 b6 30. Qa3 Qb7 31. Rgd1 Nf7 32. Bg3 Qc6 33. Bxd6 Nxd6 34. Rxd6 Rxd6 35. Rxd6 Qb5 36.
b3 Rc8 37. Rd2 Qf1+ 38. Kb2 Qxf3 39. Qb4 Qxh5 40. Rd5 Qe2 41. Rd2 Qe3 42. Rd7 Qf2 43. Rd2 Qc5 44. Qxc5 Rxc5 45. Rd7 Rg5 46. c4 h5 47. Kc3 h4 48. Rd8+ Kb7 49. Rh8 Rg4 50. Kd4 f5 51. Ke5 fxe4 52. Kf5 Rg2 53. Kxe4 g5 54.
a4 a5 55. Kd5 Rd2+ 56. Ke4 Kc6 57. Rh5 Rg2 58. Kd4 Rg4+ 59. Kc3 Kc5 60. Rh6 Rg3+ 61.
Kb2 h3 0-1

[Event "*** Titled Tuesday Blitz"]
[Site "Chess.com"]
[Date "2018.08.07"]
[Round "3"]
[White "Zaven_ChessMood"]
[Black "Margency"]
[Result "0-1"]
[WhiteElo "2884"]
[BlackElo "2722"]
[TimeControl "180+2"]
[EndTime "13:35:43 PDT"]
[Termination "Margency won by resignation"]

1. e4 c5 2. Nf3 d6 3. d4 cxd4 4. Nxd4 Nf6 5. Nc3 a6 6. h3 e6 7. g4 h6 8. Bg2 Be7 9. Be3 g5 10.
Qe2 Nbd7 11. O-O-O Ne5 12. f4 gxf4 13. Bxf4 Bd7 14.
Nf3 Qa5 15. Kb1 Rc8 16. Nxe5 dxe5 17. Bd2 Qc7 18. h4 h5 19. gxh5 Nxh5 20. Qf3 b5 21.
Rc1 a5 22. Bf1 b4 23. Ne2 Bc6 24. Bg5 f6 25. Be3 f5 26. Bg2 Bxe4 27. Qf2 Bxc2+ 28. Ka1 a4 29. Rxc2 Qxc2 30. Rc1 b3 31. Rxc2 Rxc2 32. Bc6+ Rxc6 33. Nc3 Kf7 34. Nxa4 Rc2 35. Qf1 Ng3 36. Qb5 Re2 37. axb3 Rxe3 38. Qb6 Re1+ 39. Ka2 Rxh4 40. Nc5 Bxc5 41. Qxc5 Rhh1 42. b4 Ne4 43.
Qxe5 Nf6 44. Qc7+ Kg6 45. Qg3+ Ng4 46. b5 Ra1+ 47. Kb3 Rhe1 48. b6 Ra6 49. Qxe1 Rxb6+ 50. Ka2 e5 51. b4 e4 52. Kb3 e3 53. Kc4 Kg5 54.
Kc5 Rb8 55. Qa1 e2 56. Qc1+ f4 57. Qd2 Re8 58. Qe1 f3 59. Qc1+ Re3 60. b5 e1=Q 0-1

[Event "*** Titled Tuesday Blitz"]
[Site "Chess.com"]
[Date "2018.08.07"]
[Round "3"]
[White "ZoltanChef"]
[Black "Egorov_Pavel"]
[Result "1-0"]
[WhiteElo "2205"]
[BlackElo "2294"]
[TimeControl "180+2"]
[EndTime "13:35:57 PDT"]
[Termination "ZoltanChef won by checkmate"]

1. d4 Nf6 2. Nf3 g6 3. Nc3 d5 4.
Bg5 Bg7 5. e3 c5 6. dxc5 O-O 7.
Be2 e6 8. Nd4 h6 9. Bh4 Qa5 10.
Nb3 Qd8 11. O-O Nbd7 12. e4 g5 13. Bg3 Nxe4 14. Nxe4 dxe4 15. c3 e5 16. Qd5 Qc7 17. Rad1 Re8 18. Bb5 Nf6 19. Qd6 Qxd6 20. Rxd6 Re7 21. Rd8+ Bf8 22. Rfd1 Bg4 23. R1d6 Rxd8 24. Rxd8 a6 25. Bc4 Rd7 26. Rxd7 Nxd7 27. Bd5 Nxc5 28.
Nxc5 Bxc5 29. Bxe5 e3 30. Kf1 exf2 31. Bxb7 a5 32. Bd4 Bd6 33. g3 Be6 34. a3 f5 35.
Kxf2 f4 36. b4 fxg3+ 37. hxg3 axb4 38. cxb4 h5 39. Bc5 Be5 40. a4 h4 41. gxh4 gxh4 42.
a5 Bc4 43. a6 Bg3+ 44. Kg2 Bxa6 45. Bxa6 Be1 46. b5 Kf7 47. b6 Ba5 48. b7 Bc7 49.
Ba7 Ke7 50. b8=Q Bxb8 51. Bxb8 Kd7 52. Bf4 Kc6 53. Bd3 Kd5 54. Be3 Ke5 55. Kh3 Kf6 56. Kxh4 Ke5 57. Kg4 Kd5 58. Kf5 Kc6 59. Bc4 Kb7 60. Ke6 Kc6 61. Bd4 Kb7 62. Kd6 Ka8 63. Kc6 Kb8 64. Be6 Ka8 65. Kb6 Kb8 66. Be5+ Ka8 67.
Bd5# 1-0